 Dungeon Crawl Stone Soup version 0.24.0-13-gcf9b319 (webtiles) character file.

Game seed: 3805260651753119291, levelgen mode: deterministic

15593 Bronimir the Carver (level 12, -4/91 HPs)
             Began as a Demonspawn Gladiator on Apr 3, 2020.
             Was the Champion of Okawaru.
             Slain by a seven-headed hydra (11 damage)
             ... on level 1 of the Lair of Beasts.
             The game lasted 00:23:40 (11174 turns).

Bronimir the Carver (Demonspawn Gladiator)         Turns: 11174, Time: 00:23:41

Health: -4/91      AC: 15    Str: 22    XL:     12   Next: 2%
Magic:  17/19      EV: 15    Int: 13    God:    Okawaru [******]
Gold:   758        SH:  4    Dex: 10    Spells: 14/20 levels left

rFire    + . .     SeeInvis .   d - +3 quarterstaff of the Hand {flame, Str+3 Dex-4 Stlth+}
rCold    . . .     Gourm    .   (shield currently unavailable)
rNeg     + . .     Faith    .   m - +5 ring mail "Faizeaj" {*Drain rF+ rN+ Slay+6}
rPois    .         Spirit   .   c - +0 helmet
rElec    .         Reflect  .   S - +0 cloak of Shadows and Fog {Int+2}
rCorr    .         Harm     .   (no gloves)
MR       .....                  (no boots)
Stlth    +++.......             (no amulet)
HPRegen  0.25/turn              (no ring)
MPRegen  0.16/turn              (no ring)

@: lethally poisoned (-4 -> -18), heroism, slowed, very slow
A: talons 2, large bone plates 1, powered by death 2, spiny 1
a: Heroism, Finesse, Renounce Religion


You were on level 1 of the Lair of Beasts.
You worshipped Okawaru.
Okawaru was exalted by your worship.
You were not hungry.

You visited 2 branches of the dungeon, and saw 11 of its levels.

You collected 758 gold pieces.

Inventory:

Hand Weapons
 a - a +2 falchion of slicing
 b - a +0 shortbow
 d - the +3 quarterstaff of the Hand (weapon) {flame, Str+3 Dex-4 Stlth+}
   (You found it on level 5 of the Dungeon)

   It has been specially enchanted to burn those struck by it, causing extra
   injury to most foes and up to half again as much damage against particularly
   susceptible opponents.
   It affects your strength (+3).
   It affects your dexterity (-4).
   It makes you more stealthy.
 t - a +0 hand axe of freezing
 N - a cursed -3 quarterstaff
 O - a +0 long sword
Missiles
 k - 245 stones
 q - 80 arrows
 r - 19 poisoned darts (quivered)
 u - 14 sling bullets
 w - 22 bolts
 B - 3 throwing nets
Armour
 c - a +0 helmet (worn)
 m - the +5 ring mail "Faizeaj" (worn) {*Drain rF+ rN+ Slay+6}
   (You found it on level 6 of the Dungeon)

   It affects your accuracy and damage with ranged weapons and melee attacks
   (+6).
   It protects you from fire.
   It protects you from negative energy.
   It causes draining when unequipped.
 x - a +0 ring mail
 F - a +0 shield
 I - the +0 chain mail of the Dolphin {Dex+4, unknown}
   (You found it on level 8 of the Dungeon)

   It affects your dexterity (+4).
 L - a +0 leather armour
 R - a +0 troll leather armour
 S - the +0 cloak of Shadows and Fog (worn) {Int+2}
   (Okawaru gifted it to you on level 10 of the Dungeon)

   It affects your intelligence (+2).
Jewellery
 o - an uncursed ring of ice
 p - a cursed ring of teleportation {unknown}
 J - an uncursed ring of resist corrosion {unknown}
 Q - an uncursed amulet of regeneration {unknown}
Wands
 y - a wand of flame (20)
 D - a wand of paralysis (20)
 K - a wand of acid (6)
 T - a wand of scattershot (7)
Scrolls
 h - 8 scrolls of identify
 i - 5 scrolls of fear
 l - 4 scrolls of remove curse
 C - 2 scrolls of fog
 H - a scroll of amnesia
 M - a scroll of magic mapping
 P - 2 scrolls of teleportation
Potions
 e - 7 potions of curing
 g - 3 potions of might
 j - 2 potions of agility
 n - 3 potions of brilliance
 s - 2 potions of heal wounds
 z - 3 potions of flight
 A - 2 potions of haste
 U - a potion of berserk rage
Comestibles
 f - 18 rations
 v - 12 chunks of flesh


   Skills:
 * Level 7.4(12.4) Fighting
 * Level 11.2(16.2) Long Blades
 + Level 0.6(5.6) Staves
 + Level 1.2(6.2) Bows
 + Level 2.0(7.0) Throwing
 * Level 6.5(11.5) Armour
 + Level 5.3(10.3) Dodging
 * Level 3.5(8.5) Shields
 * Level 4.8 Spellcasting
 + Level 3.1 Necromancy
 * Level 4.7 Earth Magic
 * Level 6.9 Invocations


You had 14 spell levels left.
You knew the following spells:

 Your Spells              Type           Power        Failure   Level  Hunger
a - Sublimation of Blood  Necr           ##........   12%         2    ##.....
b - Petrify               Tmut/Erth      #.......     71%         4    ####...

Your spell library contained the following spells:

 Spells                   Type           Power        Failure   Level  Hunger
 Magic Dart               Conj           #...         28%         1    None
 Blink                    Tloc           N/A          38%         2    ##.....
 Call Imp                 Summ           #.......     38%         2    ##.....
 Slow                     Hex            #.......     38%         2    ##.....
 Conjure Flame            Conj/Fire      #.......     63%         3    ###....
 Ignite Poison            Fire/Tmut/Pois #.......     63%         3    ###....
 Mephitic Cloud           Conj/Pois/Air  #.......     63%         3    ###....
 Alistair's Intoxication  Tmut/Pois      #.......     100%        5    ######.
 Irradiate                Conj/Tmut      #.........   100%        5    ######.


Dungeon Overview and Level Annotations

Branches:
Dungeon (10/15)            Temple (0/1) D:7            Lair (1/6) D:10
    Orc (0/2) D:9

Altars:
Dithmenos
Elyvilon
Fedhas
Gozag
Kikubaaqudgha
Makhleb
Nemelex Xobeh
Okawaru
Qazlal
Sif Muna
Vehumet
Xom
Yredelemnul
The Shining One

Shops:
D:4 :   D:7 *   D:8 !

Annotations:
D:6 3 runed translucent doors, Southernist's ghost, novice DsAs
D:9 2 transporters, Monad's ghost, novice HaFi
Lair:1 exclusion: oklob plant


Innate Abilities, Weirdness & Mutations

You have razor-sharp toenails.
You are partially covered in large bone plates. (SH +4)
You regenerate health from kills.
You are partially covered in sharp spines.


Message History

The seven-headed hydra bites you but does no damage. x3
The seven-headed hydra closely misses you.
The seven-headed hydra barely misses you.
The seven-headed hydra bites you!
* * * LOW HITPOINT WARNING * * *
You hit the seven-headed hydra but do no damage.
The seven-headed hydra is severely wounded.
You feel sick. The seven-headed hydra bites you.
* * * LOW HITPOINT WARNING * * *
The seven-headed hydra bites you but does no damage.
The seven-headed hydra bites you!
* * * LOW HITPOINT WARNING * * *
The seven-headed hydra bites you.
* * * LOW HITPOINT WARNING * * *
The seven-headed hydra bites you.
* * * LOW HITPOINT WARNING * * *
The seven-headed hydra misses you.
The seven-headed hydra closely misses you.
The seven-headed hydra bites you!
You die...

..............##...
.##..#.............P.#
.P...##..............##
......................##
.......................#
##.#...#.....##........#
#..................†...P
....PP)...........##...÷
......D@(...............
..#......(.............[
#.....#..(.(...........
##.........(#.....#....
........?..............
#.........##............
###....##..##........#..
###...#..##........#.#
#......##.....#..#.#


You could see a seven-headed hydra.

Vanquished Creatures
  Harold (D:7)
  Fannar (Lair:1)
  A hydra (Lair:1)
  Sonja (Lair:1)
  An unseen horror (D:10)
  2 black mambas (Lair:1)
  A spiny frog (Lair:1)
  A torpor snail (D:10)
  A gargoyle (D:10)
  3 komodo dragons
  A troll (D:9)
  A queen bee (D:8)
  3 dream sheep (D:10)
  3 hippogriffs
  12 yaks
  2 wyverns (D:10)
  2 hungry ghosts (D:8)
  3 water moccasins
  2 ice beasts
  7 orc warriors
  A sky beast (D:6)
  An eye of draining (D:10)
  3 black bears
  A necrophage (D:9)
  3 phantoms
  6 ogres
  2 crocodiles
  A centaur (D:8)
  11 bullfrogs
  A gnoll sergeant (D:10)
  A water moccasin zombie (D:6)
  19 killer bees (D:8)
  3 scorpions
  A water moccasin skeleton (D:8)
  7 wights (D:10)
  3 howler monkeys (D:7)
  7 crimson imps
  A centaur zombie (D:10)
  A bullfrog zombie (D:9)
  2 hounds
  10 orc wizards
  3 orc priests
  2 bullfrog skeletons
  5 iguanas
  10 worker ants
  A hound zombie (D:6)
  A hound skeleton (D:4)
  2 worker ant zombies
  6 gnolls
  6 adders
  An adder zombie (D:9)
  An adder skeleton (D:4)
  3 worms
  6 dart slugs
  3 leopard geckos
  56 orcs
  6 giant cockroaches
  3 goblins
  10 hobgoblins
  4 jackals
  7 kobolds
  3 quokkas
  5 bats
  2 frilled lizards
  A leopard gecko skeleton (D:4)
  7 rats
  A spectral orc (D:2)
289 creatures vanquished.

Notes
Turn   | Place    | Note
-------+----------+-------------------------------------------
     0 | D:1      | Bronimir the Demonspawn Gladiator began the quest for the
                  | Orb.
     0 | D:1      | Reached XP level 1. HP: 16/16 MP: 1/1
   104 | D:1      | Gained mutation: You regenerate a little health from kills.
                  | [demonic ancestry]
   104 | D:1      | Reached XP level 2. HP: 22/22 MP: 2/2
   341 | D:1      | Reached skill level 3 in Long Blades
   634 | D:2      | Reached XP level 3. HP: 22/27 MP: 3/3
   981 | D:2      | HP: 1/27 [poisoned by an adder]
  1265 | D:2      | Found a basalt altar of Yredelemnul.
  1513 | D:3      | Found a blossoming altar of Fedhas.
  1537 | D:3      | Gained mutation: You are partially covered in sharp spines.
                  | [demonic ancestry]
  1537 | D:3      | Reached XP level 4. HP: 23/34 MP: 4/4
  1670 | D:3      | Learned a level 2 spell: Sublimation of Blood
  1782 | D:3      | Reached skill level 1 in Armour
  1986 | D:4      | Found a shadowy altar of Dithmenos.
  2009 | D:4      | Found an iron altar of Okawaru.
  2301 | D:3      | Reached skill level 1 in Necromancy
  2304 | D:3      | Gained mutation: You have sharp toenails. [demonic
                  | ancestry]
  2304 | D:3      | Reached XP level 5. HP: 26/39 MP: 5/5
  2369 | D:4      | Reached skill level 4 in Long Blades
  2564 | D:4      | Became a worshipper of Warmaster Okawaru
  2566 | D:4      | Found a sparkling altar of Nemelex Xobeh.
  2567 | D:4      | Found Pigalev's Book Emporium.
  3503 | D:5      | Entered Level 5 of the Dungeon
  3567 | D:5      | Reached XP level 6. HP: 26/46 MP: 6/6
  4005 | D:5      | Got an ichor-stained quarterstaff
  4006 | D:5      | Identified the cursed +3 quarterstaff of the Hand {flame,
                  | Str+3 Dex-4 Stlth+} (You found it on level 5 of the
                  | Dungeon)
  4025 | D:5      | Reached skill level 5 in Long Blades
  4026 | D:5      | Reached XP level 7. HP: 49/52 MP: 7/7
  4075 | D:5      | Reached * piety under Okawaru
  4569 | D:5      | Found a glowing golden altar of the Shining One.
  4571 | D:5      | Found a burning altar of Makhleb.
  4941 | D:6      | Noticed Southernist's ghost (novice DsAs)
  4989 | D:6      | Got a jewelled ring mail
  5000 | D:6      | Identified the +5 ring mail "Faizeaj" {*Drain rF+ rN+
                  | Slay+6} (You found it on level 6 of the Dungeon)
  5239 | D:6      | Found a stormy altar of Qazlal.
  5292 | D:6      | Learned a level 4 spell: Petrify
  5353 | D:6      | Found a shimmering altar of Xom.
  5393 | D:6      | Reached skill level 6 in Long Blades
  5439 | D:6      | Reached skill level 1 in Invocations
  5439 | D:6      | Gained mutation: You are partially covered in large bone
                  | plates. (SH +4) [demonic ancestry]
  5439 | D:6      | Reached XP level 8. HP: 60/60 MP: 8/8
  5441 | D:6      | Found a runed translucent gate.
  5444 | D:6      | Found a runed translucent gate.
  5445 | D:6      | Found a runed translucent gate.
  5570 | D:6      | Reached skill level 1 in Spellcasting
  5689 | D:6      | Found a shimmering blue altar of Sif Muna.
  5778 | D:7      | Reached skill level 1 in Earth Magic
  5790 | D:7      | Reached ** piety under Okawaru
  5997 | D:7      | Reached skill level 7 in Long Blades
  6018 | D:7      | Noticed Harold
  6035 | D:7      | Killed Harold
  6035 | D:7      | Reached *** piety under Okawaru
  6035 | D:7      | Gained mutation: You have razor-sharp toenails. [demonic
                  | ancestry]
  6035 | D:7      | Reached XP level 9. HP: 43/66 MP: 10/12
  6052 | D:7      | Found a staircase to the Ecumenical Temple.
  6125 | D:7      | Found a radiant altar of Vehumet.
  6357 | D:7      | Found Gozag's Platinum Reserve.
  6357 | D:7      | Found an opulent altar of Gozag.
  6493 | D:8      | Found an ancient bone altar of Kikubaaqudgha.
  6498 | D:8      | Reached skill level 8 in Long Blades
  6637 | D:8      | Found Ygef's Distillery.
  6737 | D:8      | Got a brightly glowing chain mail
  6790 | D:8      | Reached **** piety under Okawaru
  6798 | D:8      | Reached skill level 5 in Armour
  6808 | D:8      | Reached skill level 5 in Fighting
  6809 | D:8      | Received a gift from Okawaru
  6853 | D:8      | Reached skill level 1 in Shields
  6853 | D:8      | Reached XP level 10. HP: 68/74 MP: 14/14
  6876 | D:8      | Reached skill level 9 in Long Blades
  7420 | D:8      | Reached ***** piety under Okawaru
  7578 | D:9      | Found a transporter.
  7623 | D:9      | Reached skill level 1 in Bows
  7731 | D:9      | Found a white marble altar of Elyvilon.
  7877 | D:9      | Reached skill level 5 in Invocations
  7901 | D:9      | Found a staircase to the Orcish Mines.
  8051 | D:9      | Found a transporter.
  8056 | D:9      | Noticed Monad's ghost (novice HaFi)
  8284 | D:9      | Reached skill level 10 in Long Blades
  8405 | D:10     | Entered Level 10 of the Dungeon
  8472 | D:10     | Killed an unseen horror
  8472 | D:10     | Gained mutation: You regenerate health from kills. [demonic
                  | ancestry]
  8472 | D:10     | Reached XP level 11. HP: 71/82 MP: 16/16
  8619 | D:10     | Reached ****** piety under Okawaru
  8652 | D:10     | Found a staircase to the Lair.
  8681 | D:10     | Found a radiant altar of Vehumet.
  9122 | D:10     | Received a gift from Okawaru
  9125 | D:10     | Got a crude cloak {god gift}
  9131 | D:10     | Identified the +0 cloak of Shadows and Fog {Int+2} (Okawaru
                  | gifted it to you on level 10 of the Dungeon)
  9246 | D:10     | Reached skill level 5 in Dodging
  9329 | Lair:1   | Entered Level 1 of the Lair of Beasts
  9644 | Lair:1   | Noticed an oklob plant
  9765 | Lair:1   | Noticed Fannar
  9767 | Lair:1   | Noticed a six-headed hydra
 10306 | Lair:1   | Killed a seven-headed hydra
 10324 | Lair:1   | Killed Fannar
 10335 | Lair:1   | Reached skill level 11 in Long Blades
 11165 | Lair:1   | Noticed Sonja
 11168 | Lair:1   | Noticed a seven-headed hydra
 11170 | Lair:1   | Killed Sonja
 11170 | Lair:1   | Reached XP level 12. HP: 51/91 MP: 19/19
 11174 | Lair:1   | Slain by a seven-headed hydra

Levels and vault maps discovered:
D:1:      dpeg_arrival_refuge, layout_rooms, minmay_misc_feat_pillars
D:2:      layout_basic, yredelemnul_forgotten_temple_becter
D:3:      layout_basic, minivault_24, fedhas_altar_2
D:4:      layout_basic, nicolae_dithmenos_the_darkroom,
          okawaru_metal_pillars_1_2, nemelex_xobeh_ov_fountains_minmay,
          serial_shops, shop, chequers_ossuary_entry_cave
D:5:      layout_cave_pods, chequers_temple_overflow_statue_of_worship,
          first_ration
D:6:      layout_rooms, marbit_many_paths, kennysheep_little_box,
          lemuel_coloured_pillars_altar, gammafunk_ghost_split
D:7:      layout_basic, nicolae_gozag_zags_fifth_avenue, fiery_altar_vehumet,
          minmay_temple_entry_wispy, uniq_harold
D:8:      layout_basic, overflow_temple_1_default, serial_shops, shop,
          david_nohive_1, st_stairs_13
D:9:      layout_loops_ring, elyvilon_altar_3, hiddenorc2_lemuel,
          gammafunk_ghost_stat_death
D:10:     layout_irregular_city, grunt_lair_entry_orc_guard_hut, basic_altar
Lair:1:   layout_cave_shapes, lemuel_oklob_altar, grunt_megastairs_5,
          uniq_fannar, uniq_sonja

Skill      XL: |  1  2  3  4  5  6  7  8  9 10 11 |
---------------+----------------------------------+-----
Dodging        | 3 4 5 |  5.3
Long Blades    | 3 4 5 6 7 8 10 11 | 11.2
Armour         | 1 2 3 4 5 6 |  6.5
Necromancy     | 1 2 3 |  3.1
Fighting       | 3 4 5 6 7 |  7.4
Throwing       | 2 |  2.0
Invocations    | 1 3 4 5 6 |  6.9
Spellcasting   | 2 3 4 |  4.8
Earth Magic    | 2 3 4 |  4.7
Shields        | 1 2 3 |  3.5
Bows           | 1 |  1.2
Staves         | |  0.6

Action                   |  1- 3 |  4- 6 |  7- 9 | 10-12 || total
-------------------------+-------+-------+-------+-------++-------
Melee: Long sword        |   105 |   125 |   173 |   113 ||   516
       Kick              |       |    34 |    72 |   128 ||   234
       Falchion          |       |       |       |   214 ||   214
       Quarterstaff      |       |       |       |     5 ||     5
 Fire: Shortbow          |       |       |       |    12 ||    12
Throw: Throwing net      |     4 |     2 |       |       ||     6
Invok: Heroism           |       |       |       |     2 ||     2
Evoke: Wand              |       |       |     1 |       ||     1
  Use: Scroll            |       |     5 |     2 |     7 ||    14
       Potion            |       |       |     2 |     5 ||     7
 Stab: Held in net/web   |     1 |     1 |       |       ||     2
  Eat: Chunk             |     1 |     9 |     8 |    12 ||    30
       Ration            |       |       |     1 |     1 ||     2
Armor: Leather armour    |    35 |    22 |     4 |       ||    61
       Ring mail         |       |       |    71 |   105 ||   176
Dodge: Dodged            |    62 |    86 |   119 |   182 ||   449
Block: Other             |       |       |    18 |    65 ||    83
       Rpst.: Long sword |    16 |    22 |    42 |    14 ||    94
       Falchion          |       |       |       |    26 ||    26
